 Dungeon Crawl Stone Soup version 0.30.0-5-g1a98f26d00 (webtiles) character file.

Game seed: 3963216005884987988

118272 monsoonserge the Fencer (level 16, -10/125 (132) HPs)
             Began as a Merfolk Monk on May 12, 2023.
             Was an Elder of Ru.
             Mangled by a fire giant
             ... wielding a +1 great sword of flaming
              (18 damage)
             ... on level 2 of the Depths.
             The game lasted 02:05:27 (19816 turns).

monsoonserge the Fencer (Merfolk Monk)             Turns: 19816, Time: 02:05:27

HP:   -10/125 (132) AC: 22    Str: 11    XL:     16   Next: 76%
MP:   16/16         EV: 22    Int: 10    God:    Ru [****..]
Gold: 2061          SH: 21    Dex: 34    Spells: 15/15 levels left

rFire   . . .        i - +9 sword of Zonguldrok {reap}
rCold   . . .        P - +0 kite shield
rNeg    . . .        t - +5 ring mail of Burning Amelioration {Dex+4}
rPois   .            J - +2 hat
rElec   .            N - +2 cloak
rCorr   .            y - +2 pair of gloves
SInv    .            (no boots)
Will    +....        u - amulet of reflection
Stlth   ++++++       a - +6 ring of dexterity
HPRegen 0.40/turn    D - ring of willpower
MPRegen 0.15/turn

%: reflection
@: exhausted, about to teleport, drained
A: hated by all, no conjurations magic, no fire magic, no hexes magic,
weak-willed 1, (nimble swimmer 2), mertail, iridescent scales 1, camouflage 1,
subdued magic 1
a: Renounce Religion, Sacrifice an Eye, Sacrifice Artifice, Sacrifice Words,
Reject Sacrifices, Draw Out Power, Power Leap


You were on level 2 of the Depths.
You worshipped Ru.
Ru was greatly pleased with you.
You visited 4 branches of the dungeon, and saw 20 of its levels.
You also visited: Sewer and Ossuary.

You collected 2156 gold pieces.
You spent 95 gold pieces at shops.

Inventory:

Hand Weapons
 i - the +9 sword of Zonguldrok (weapon) {reap}
   (You took it off a wight on level 8 of the Dungeon)
Missiles
 l - 35 poisoned darts (quivered)
 W - 2 throwing nets
Armour
 k - a +2 scale mail of poison resistance
 n - +0 fire dragon scales
 t - the +5 ring mail of Burning Amelioration (worn) {Dex+4}
   (You found it on level 3 of the Dungeon)

   Dex:       It affects your dexterity (+4).
 y - a +2 pair of gloves (worn)
 B - a +3 scale mail of cold resistance
 J - a +2 hat (worn)
 N - a +2 cloak (worn)
 P - a +0 kite shield (worn)
Jewellery
 a - a +6 ring of dexterity (left hand)
 c - a ring of protection from fire
 u - an amulet of reflection (around neck)
 D - a ring of willpower (right hand)
 H - a ring of flight
Wands
 d - a wand of paralysis (3)
 q - a wand of digging (4)
 A - a wand of polymorph (3)
 E - a wand of roots (14)
 T - a wand of mindburst (26)
 U - a wand of light (1)
Scrolls
 b - 2 scrolls of amnesia
 f - 2 scrolls of magic mapping
 g - 5 scrolls of teleportation
 j - a scroll of brand weapon {unknown}
 m - 7 scrolls of blinking
 p - 4 scrolls of torment
 s - 4 scrolls of fog
 v - 8 scrolls of fear
 C - 6 scrolls of enchant armour
 F - 5 scrolls of silence
 G - a scroll of enchant weapon {unknown}
 L - 3 scrolls of poison
 O - a scroll of acquirement {unknown}
Potions
 e - 2 potions of heal wounds
 h - 2 potions of mutation
 o - 8 potions of curing
 r - 3 potions of ambrosia
 w - 2 potions of resistance
 z - 4 potions of haste
 I - a potion of magic {unknown}
 K - a potion of berserk rage
 M - 4 potions of flight
 Q - 5 potions of might
 R - a potion of invisibility {unknown}
 S - 3 potions of attraction
 V - 4 potions of lignification
 Z - a potion of cancellation {unknown}
Miscellaneous
 x - a condenser vane (inert)


   Skills:
 + Level 13.8 Fighting
 + Level 11.1(15.8) Short Blades
 + Level 18.0(19.1) Long Blades
 + Level 1.0 Throwing
 + Level 7.4 Armour
 + Level 12.7 Dodging
 - Level 9.0 Stealth
 + Level 10.4 Shields
 - Level 4.0 Evocations


You had 15 spell levels left.
You didn't know any spells.
Your spell library contained the following spells:

 Spells                   Type           Power      Damage    Failure   Level
 Apportation              Tloc           0%         N/A       89%         1
 Beastly Appendage        Tmut           0%         N/A       89%         1
 Necrotise                Necr           0%         1d4       89%         1
 Wereblood                Tmut           0%         N/A       96%         2
 Spider Form              Tmut/Pois      0%         N/A       99%         3
 Ice Form                 Ice/Tmut       0%         N/A       100%        4
 Agony                    Necr           0%         N/A       100%        5
 Blade Hands              Tmut           0%         N/A       100%        5
 Lee's Rapid Deconstruct  Erth           0%         3d4*      100%        5
 Eringya's Noxious Bog    Tmut/Pois      0%         N/A       100%        6
 Shatter                  Erth           0%         3d5*      100%        9
 Summon Small Mammal      Summ           Unusable   N/A       N/A         1
 Call Canine Familiar     Summ           Unusable   N/A       N/A         3
 Dazzling Flash           Conj/Hex       Unusable   N/A       N/A         3
 Mephitic Cloud           Conj/Pois/Air  Unusable   N/A       N/A         3
 Portal Projectile        Hex/Tloc       Unusable   N/A       N/A         3
 Summon Guardian Golem    Hex/Summ       Unusable   N/A       N/A         3
 Tukima's Dance           Hex            Unusable   N/A       N/A         3
 Volatile Blastmotes      Fire/Tloc      Unusable   2d10      N/A         3
 Fulminant Prism          Conj/Hex       Unusable   3d5       N/A         4
 Iskenderun's Mystic Bla  Conj/Tloc      Unusable   2d3       N/A         4
 Fireball                 Conj/Fire      Unusable   3d3       N/A         5
 Iskenderun's Battlesphe  Conj           Unusable   2d6       N/A         5
 Silence                  Hex/Air        Unusable   N/A       N/A         5
 Summon Forest            Summ/Tloc      Unusable   N/A       N/A         5
 Conjure Ball Lightning   Conj/Air       Unusable   3x3d6     N/A         6
 Starburst                Conj/Fire      Unusable   6d3       N/A         6
 Orb of Destruction       Conj           Unusable   9d5       N/A         7
 Summon Hydra             Summ           Unusable   N/A       N/A         7
 Chain Lightning          Conj/Air       Unusable   N/A       N/A         9
 Fire Storm               Conj/Fire      Unusable   5d1       N/A         9

Dungeon Overview and Level Annotations

Branches:
Dungeon (15/15)            Temple (1/1) D:5            Lair (0/5) D:10
    Orc (2/2) D:10            Elf (0/3) Orc:2        Vaults (0/5) D:13
 Depths (2/4) D:15          Sewer (visited)         Ossuary (visited)

Altars:
Ashenzari
Cheibriados
Dithmenos
Elyvilon
Gozag
Kikubaaqudgha
Makhleb
Nemelex Xobeh
Okawaru
Qazlal
Ru
Sif Muna
Trog
Uskayaw
Vehumet
Wu Jian
Xom
Zin
The Shining One

Shops:
D:8 !   Orc:1 !   Orc:2 ==!!   Depths:1 =(*=

Portals:
Hell: Depths:2
Abyss: Depths:1
Ziggurat: Depths:2


Innate Abilities, Weirdness & Mutations

You are hated by all.
You cannot study or cast Conjurations magic.
You cannot study or cast Fire magic.
You cannot study or cast Hexes magic.
You are slightly weak-willed. (Will-)
((You are very nimble when in or above water. (Stealth+, EV+, Speed+++)))
Your lower body shifts to a powerful aquatic tail in water.
You are partially covered in iridescent scales. (AC +2)
Your skin changes colour to match your surroundings (Stealth+).
Your spells are a little easier to cast, but a little less powerful.


Message History

The stone giant misses you.
You slice the stone giant!!
The stone giant is almost dead.
You block the stone giant's attack. x2
The rakshasa begins to attack, but is stunned by your conviction!
You slice the stone giant!!
You kill the stone giant!
You redirect the rakshasa's attack!
You redirect the fire giant's attack!
The fire giant hits the stone giant with a +1 great sword of flaming!!!
The fire giant burns the stone giant!
The stone giant dies!
The stone giant's corpse shimmers and vanishes!
Your life force feels restored.
The fire giant shouts!
You slash the tengu warrior!
The tengu warrior is moderately wounded.
The tengu warrior barely misses you.
The tengu warrior pecks you but does no damage.
You block the tengu warrior's attack.
The rakshasa weaves an illusion.
The tengu warrior shimmers and seems to become two!
The fire giant points at you and mumbles some strange words.
The bolt of fire hits you!!!
You are restored by drawing out deep reserves of power within.
You feel drained. You block the tengu warrior's attack.
The tengu warrior completely misses you.
You block the tengu warrior's attack.
The fire giant points at you and mumbles some strange words.
The bolt of fire hits you!!!
* * * LOW HITPOINT WARNING * * *
You focus your inner power and slow the fire giant in retribution!
As you read the scroll of teleportation, it crumbles to dust.
You feel strangely unstable.
The tengu warrior hits you with a +2 battleaxe!
* * * LOW HITPOINT WARNING * * *
The tengu warrior misses you.
You block the tengu warrior's attack. x2
The tengu warrior pecks you but does no damage.
You block the tengu warrior's attack.
The fire giant hits you with a +1 great sword of flaming!!
You die...

...######'##
....'........
....#.......
........... ##
..........# .##
.......R..# .## ..+
....∩..CQQ#....# .##
.......C@.'....# ##
..^....(####...# #
...........#....
....#'#....'....
#...#.#....#####
...........# ####
......####.#
#[.###########..#.##
#..'[.#####..'..#..##


You could see 2 fire giants, a rakshasa and 2 tengu warriors.

Vanquished Creatures
  A fire giant (D:15)
  2 frost giants
  4 very ugly things
  5 stone giants
  Nessos (D:15)
  2 ettins (Depths:1)
  Josephine (D:12)
  3 fire dragons
  4 vault guards (D:13)
  Harold (D:9)
  A hydra (D:13)
  A rakshasa (D:14)
  7 centaur warriors
  7 two-headed ogres
  5 boulder beetles
  A tengu warrior (D:13)
  3 spriggan berserkers (Depths:1)
  Urug (Orc:1)
  An iron troll (Depths:2)
  6 skeletal warriors
  A deep troll (Depths:2)
  6 orc knights
  A wizard (D:14)
  6 deep elf pyromancers
  7 cyclopes
  6 manticores
  19 ugly things
  3 gargoyles
  A komodo dragon (shapeshifter) (D:13)
  A kobold demonologist (D:10)
  2 komodo dragons
  A tengu conjurer (D:13)
  An unseen horror (D:10)
  11 trolls
  3 hornets
  A wolf spider simulacrum (D:14)
  Prince Ribbit (D:7)
  A snapping turtle (shapeshifter) (Depths:1)
  A tarantella (shapeshifter) (D:9)
  3 vampires
  6 shadows
  2 spriggans (Depths:1)
  2 water elementals (Depths:1)
  16 slime creatures
  15 yaks
  2 wyverns
  7 wraiths
  Grum (D:9)
  A basilisk (D:8)
  6 steam dragons
  11 vampire mosquitoes
  2 wargs (Orc:1)
  Menkaure (D:4)
  2 acid dragons
  A harpy simulacrum (D:14)
  A water moccasin (D:8)
  Duvessa (D:6)
  Pargi (D:4)
  4 ice beasts
  2 sky beasts (D:6)
  35 orc warriors
  3 black bears
  4 ogres
  3 wolves (D:10)
  13 centaurs
  7 kobold brigands
  12 bullfrogs
  3 gnoll sergeants
  4 scorpions
  4 water moccasin zombies (Ossuary)
  24 wights
  Dowan (D:6)
  3 killer bees
  3 howler monkeys
  An electric eel (D:15)
  6 bullfrog zombies (Ossuary)
  A centaur zombie (Ossuary)
  2 jellies
  A hound (D:5)
  17 orc priests
  4 sleepcaps (D:6)
  5 iguanas
  17 mummies (Ossuary)
  3 human skeletons (D:5)
  Natasha (thrice) (D:2)
  12 orc wizards
  Terence (D:2)
  A killer bee zombie (Ossuary)
  A howler monkey zombie (Ossuary)
  8 gnolls
  13 adders
  6 river rats (Sewer)
  A shadow imp (D:7)
  6 white imps
  An ufetubus (D:5)
  A dart slug (D:2)
  7 worms
  69 orcs
  10 endoplasms
  2 giant cockroaches (D:4)
  6 goblins
  11 hobgoblins
  4 jackals
  19 kobolds
  17 ball pythons
  11 bats
  6 frilled lizards
  2 orc skeletons (D:5)
  An orc zombie (D:5)
  23 rats
635 creatures vanquished.

Vanquished Creatures (others)
  A fire giant (Depths:2)
  2 stone giants (Depths:1)
  An ugly thing (D:12)
  A meliai (shapeshifter) (D:14)
  A yak (D:9)
  2 centaurs (Orc:2)
  An ogre (Orc:1)
  A white imp (D:8)
10 creatures vanquished.

Grand Total: 645 creatures vanquished

Notes
Turn   | Place    | Note
-------+----------+-------------------------------------------
     0 | D:1      | monsoonserge the Merfolk Monk began the quest for the Orb.
     0 | D:1      | Reached XP level 1. HP: 18/18 MP: 1/1
   152 | D:1      | Reached XP level 2. HP: 13/24 MP: 2/2
   338 | D:1      | Reached skill level 4 in Long Blades
   920 | D:2      | Noticed Natasha
   934 | D:2      | Killed Natasha
   935 | D:2      | Reached XP level 3. HP: 3/30 MP: 3/3
  1045 | D:2      | Noticed Natasha
  1046 | D:2      | Noticed Terence
  1053 | D:2      | Killed Natasha
  1054 | D:2      | Reached skill level 1 in Short Blades
  1054 | D:2      | Reached XP level 4. HP: 35/37 MP: 4/4
  1058 | D:2      | Killed Terence
  1059 | D:2      | Reached skill level 5 in Dodging
  1067 | D:2      | Noticed Natasha
  1074 | D:2      | Killed Natasha
  1075 | D:2      | Reached XP level 5. HP: 36/42 MP: 5/5
  1472 | D:3      | Identified the +5 ring mail of Burning Amelioration {Dex+4}
  1490 | D:3      | Found a glowing golden altar of the Shining One.
  1567 | D:3      | Found a glowing drain.
  1611 | Sewer    | Entered a sewer
  1653 | Sewer    | Reached skill level 1 in Armour
  1769 | Sewer    | Reached XP level 6. HP: 48/48 MP: 6/6
  2267 | D:3      | Reached XP level 7. HP: 42/55 MP: 7/7
  2316 | D:3      | Found a glowing silver altar of Zin.
  2411 | D:3      | Found a stormy altar of Qazlal.
  2737 | D:4      | Reached skill level 5 in Short Blades
  2979 | D:4      | Noticed Menkaure
  2992 | D:4      | Reached skill level 1 in Stealth
  2992 | D:4      | Reached skill level 1 in Shields
  2998 | D:4      | Gained mutation: Your magical capacity is low. (-10% MP)
                  | [potion of mutation]
  3014 | D:4      | Killed Menkaure
  3015 | D:4      | Reached XP level 8. HP: 26/61 MP: 7/7
  3015 | D:4      | Lost mutation: Your magical capacity is low. (-10% MP)
                  | [potion of mutation]
  3015 | D:4      | Gained mutation: You have a pair of small horns on your
                  | head. [potion of mutation]
  3015 | D:4      | Gained mutation: You are clumsy. (Dex -2) [potion of
                  | mutation]
  3015 | D:4      | Gained mutation: You have hidden genetic potential. [potion
                  | of mutation]
  3262 | D:4      | Noticed Pargi
  3270 | D:4      | Killed Pargi
  3271 | D:4      | Reached skill level 5 in Fighting
  3450 | D:5      | Entered Level 5 of the Dungeon
  3622 | D:5      | Found a sand-covered staircase.
  3650 | Ossuary  | Entered an ossuary
  3771 | Ossuary  | Reached XP level 9. HP: 64/68 MP: 9/9
  3810 | Ossuary  | Gained mutation: Your skin changes colour to match your
                  | surroundings (Stealth+). [hidden potential]
  4775 | D:5      | Found a staircase to the Ecumenical Temple.
  4781 | Temple   | Entered the Ecumenical Temple
  4997 | Temple   | Became a worshipper of Ru the Awakened
  5007 | D:5      | Gained mutation: You are slightly weak-willed. (Will-) [Ru
                  | sacrifice]
  5007 | D:5      | Reached * piety under Ru
  5350 | D:6      | Reached skill level 10 in Short Blades
  5387 | D:6      | Noticed Dowan
  5389 | D:6      | Noticed Duvessa
  5410 | D:6      | Killed Duvessa
  5414 | D:6      | Killed Dowan
  5812 | D:7      | Reached XP level 10. HP: 71/77 MP: 10/10
  5861 | D:7      | Gained mutation: You are partially covered in iridescent
                  | scales. (AC +2) [hidden potential]
  5861 | D:7      | Lost mutation: You have hidden genetic potential. [hidden
                  | potential expressed]
  6056 | D:7      | Reached skill level 5 in Long Blades
  6108 | D:7      | Noticed Prince Ribbit
  6117 | D:7      | Killed Prince Ribbit
  6187 | D:7      | Found a shadowy altar of Dithmenos.
  6570 | D:7      | Found a hide-covered altar of Uskayaw.
  6796 | D:8      | Reached skill level 6 in Long Blades
  6798 | D:8      | Noticed a two-headed ogre
  6813 | D:8      | Killed a two-headed ogre
  6814 | D:8      | Reached skill level 7 in Long Blades
  6814 | D:8      | Reached skill level 5 in Armour
  6841 | D:8      | Noticed a two-headed ogre
  6948 | D:8      | Killed a two-headed ogre
  6949 | D:8      | Reached skill level 8 in Long Blades
  7033 | D:8      | Noticed a green ugly thing
  7040 | D:8      | Reached XP level 11. HP: 81/85 MP: 9/11
  7043 | D:8      | Killed a green ugly thing
  7044 | D:8      | Reached skill level 9 in Long Blades
  7044 | D:8      | Reached skill level 1 in Evocations
  7217 | D:8      | Noticed a cyclops
  7299 | D:9      | Gained mutation: You are hated by all. [Ru sacrifice]
  7299 | D:9      | Reached ** piety under Ru
  7299 | D:9      | Reached *** piety under Ru
  7473 | D:8      | Killed a cyclops
  7474 | D:8      | Reached skill level 10 in Long Blades
  7573 | D:8      | Noticed a purple ugly thing
  7592 | D:8      | Killed a purple ugly thing
  7639 | D:8      | Identified the +1 longbow of Makhleb's Approval {heavy, Fly
                  | Str+4}
  7666 | D:8      | Got the Anthology of Cryomancy and the Adder
  7670 | D:8      | Identified the staff of earth "Zolaz" {Str+2}
  8226 | D:8      | Found Goiv's Distillery.
  8229 | D:8      | Bought a potion of might for 44 gold pieces
  8517 | D:9      | Reached skill level 11 in Long Blades
  8610 | D:9      | Noticed Grum
  8615 | D:10     | Entered Level 10 of the Dungeon
  8759 | D:9      | Killed Grum
  8889 | D:9      | Found a radiant altar of Vehumet.
  8928 | D:9      | Reached skill level 12 in Long Blades
  9108 | D:9      | Reached XP level 12. HP: 82/95 MP: 9/12
  9182 | D:9      | Noticed Harold
  9194 | D:9      | Killed Harold
  9204 | D:9      | Lost mutation: You have a pair of small horns on your head.
                  | [potion of mutation]
  9204 | D:9      | Lost mutation: You are clumsy. (Dex -2) [potion of
                  | mutation]
  9204 | D:9      | Gained mutation: Your spells are a little easier to cast,
                  | but a little less powerful. [potion of mutation]
  9264 | D:9      | Found a shimmering blue altar of Sif Muna.
  9265 | D:9      | Found a sparkling altar of Nemelex Xobeh.
  9403 | D:10     | Found a staircase to the Orcish Mines.
  9498 | D:10     | Gained mutation: You cannot study or cast Fire magic. [Ru
                  | sacrifice]
  9498 | D:10     | Gained mutation: You cannot study or cast Hexes magic. [Ru
                  | sacrifice]
  9498 | D:10     | Gained mutation: You cannot study or cast Conjurations
                  | magic. [Ru sacrifice]
  9498 | D:10     | Reached **** piety under Ru
  9597 | D:10     | Found an opulent altar of Gozag.
  9707 | D:10     | Reached skill level 13 in Long Blades
  9797 | D:10     | Noticed a boulder beetle
  9805 | D:10     | Killed a boulder beetle
  9806 | D:10     | Reached skill level 10 in Dodging
  9856 | D:10     | Reached skill level 5 in Stealth
  9877 | D:10     | Noticed a boulder beetle
  9893 | D:10     | Killed a boulder beetle
  9898 | D:10     | Noticed a centaur warrior
  9906 | D:10     | Killed a centaur warrior
 10166 | D:10     | Found a staircase to the Lair.
 10363 | D:11     | Noticed a two-headed ogre
 10373 | D:10     | Killed a two-headed ogre
 10374 | D:10     | Reached skill level 14 in Long Blades
 10735 | D:11     | Noticed a two-headed ogre
 10743 | D:11     | Killed a two-headed ogre
 10744 | D:11     | Reached skill level 10 in Fighting
 10757 | D:11     | Reached XP level 13. HP: 49/103 MP: 13/13
 11290 | D:12     | Reached skill level 15 in Long Blades
 11375 | D:12     | Noticed Josephine
 11460 | Orc:1    | Entered Level 1 of the Orcish Mines
 11475 | Orc:2    | Entered Level 2 of the Orcish Mines
 11844 | Orc:2    | Found a staircase to the Elven Halls.
 12229 | Orc:2    | Found Ehipn's Jewellery Boutique.
 12229 | Orc:2    | Found Xefid's Distillery.
 12229 | Orc:2    | Found Quqonnof's Distillery.
 12233 | Orc:2    | Found Tehiasah's Jewellery Shop.
 12241 | Orc:2    | Bought a potion of lignification for 51 gold pieces
 12537 | Orc:1    | Noticed Urug
 12560 | Orc:1    | Killed Urug
 12875 | Orc:1    | Reached skill level 5 in Shields
 13333 | Orc:1    | Found Ixtank's Distillery.
 13704 | D:12     | Killed Josephine
 13721 | D:12     | Reached skill level 16 in Long Blades
 14118 | D:12     | Reached XP level 14. HP: 108/113 MP: 14/14
 14623 | D:13     | Identified the +3 mace "Xipajyje" {drain, Contam rPois rF+
                  | Str+5}
 14814 | D:13     | Found a gate to the Vaults.
 16278 | D:14     | Reached skill level 17 in Long Blades
 16622 | D:14     | Identified the +2 robe of Koerph {Rampage}
 16921 | D:15     | Entered Level 15 of the Dungeon
 16950 | D:15     | Noticed Nessos
 16957 | D:15     | Killed Nessos
 17002 | D:15     | Reached XP level 15. HP: 122/122 MP: 15/15
 17134 | D:15     | Found a staircase to the Depths.
 17134 | D:15     | Noticed a fire giant
 17156 | D:15     | Killed a fire giant
 17308 | Depths:1 | Entered Level 1 of the Depths
 17874 | D:15     | Reached skill level 1 in Throwing
 18133 | Depths:1 | Found a broken altar of Ashenzari.
 18406 | Depths:1 | HP: 4/123 [spriggan rider/+1 spear of venom (22)]
 18409 | Depths:1 | Paralysed by a hornet for 3 turns
 18642 | Depths:1 | Reached skill level 10 in Shields
 18642 | Depths:1 | Reached XP level 16. HP: 124/124 MP: 16/16
 18946 | Depths:1 | Found Nest's Jewellery Emporium.
 18946 | Depths:1 | Found Fiadaos's General Store.
 18953 | Depths:1 | Found Jukeriusae's Weapon Shoppe.
 18953 | Depths:1 | Found Xeonwy's Jewellery Emporium.
 18994 | Depths:1 | Found a one-way gate to the infinite horrors of the Abyss.
 19052 | Depths:1 | Paralysed by a floating eye for 3 turns
 19257 | Depths:2 | Reached skill level 18 in Long Blades
 19612 | Depths:2 | Found a gateway to Hell.
 19793 | Depths:2 | Found a one-way gateway to a ziggurat.
 19816 | Depths:2 | Mangled by a fire giant

Illustrated notes

Levels and vault maps discovered:
D:1:      lightli_arrival_boilingwater, layout_loops_ring, serial_forest,
          infiniplex_forest_lined_room_3, infiniplex_forest_zigzag_1,
          infiniplex_forest_end_3, infiniplex_forest_clump_tiny
D:2:      layout_rooms, serial_bayou_pond_c, chequers_serial_rivers_micro_a,
          uniq_terence, uniq_natasha
D:3:      layout_rooms, tso_altar, mainiacjoe_overflow_cross_hatched,
          lemuel_coloured_pillars_altar, cheibrodos_sewer_entry_bend
D:4:      layout_basic, minmay_bent, uniq_menkaure, uniq_pargi
D:5:      layout_basic, minmay_temple_entry_fiery,
          nicolae_ossuary_entry_catacombs
D:6:      layout_gridville, minmay_fountain_box, uniq_duvessa
D:7:      layout_loops_ring, grunt_dithmenos_smoke,
          nicolae_uskayaw_dance_studio, uniq_prince_ribbit1
D:8:      minmay_the_grid_octo_tiled_octocenter [minmay_the_grid_octo_clover,
          minmay_the_grid_octo_pinwheel, minmay_the_grid_octo_thin_diamonds,
          minmay_the_grid_octo_focus,
          minmay_the_grid_octo_prize_ultimate_mussel_roller,
          minmay_the_grid_square_5x5_dogpile,
          minmay_the_grid_square_5x5_inverted_slash,
          minmay_the_grid_square_5x5_shrine2,
          minmay_the_grid_square_5x5_eight_small], layout_basic, serial_shops,
          nicolae_shop_behind_doors, chequers_serial_rivers_micro_b
D:9:      minmay_angry_zag, layout_cave_pools, gammafunk_temple_overflow_pools,
          mainiacjoe_overflow_brackets, minmay_stone_trees_small, minivault_20,
          uniq_harold, uniq_grum
D:10:     nicolae_hexawheel, layout_irregular_city, lemuel_doored_altar,
          grunt_lair_entry_orc_guard_hut, david_orc_2
D:11:     layout_loops_cross
D:12:     layout_gridville, uniq_josephine
D:13:     layout_rooms, lightli_vaults_fourway_checkpoint
D:14:     wad_statue_garden, layout_layer_cave, nicolae_lava_and_water
D:15:     grunt_enter_depths_giant_problem, layout_rooms, serial_bayou_shore_a,
          okawaru_altar_gauntlet_db, uniq_nessos
Temple:   compressed_dpeg_triangle_lava_temple
Orc:1:    nicolae_orc_accident_2, layout_caves, serial_shops, shop, uniq_urug
Orc:2:    st_orc_rangers, layout_caves, basic_altar
Depths:1: layout_long_grid, ashenzari_conservatory_becter,
          abyss_entry_glasseish, lightli_too_deep, minmay_misc_feat_rugged,
          st_stairs_13, minmay_misc_feat_cross,
          nicolae_shop_national_dungeon_mall, grunt_ministairs_15,
          solitary_fountain, yredelemnul_altar_generic
Depths:2: minmay_glassy_protrusions, layout_honeycomb, enter_ziggurat_e,
          grunt_hell_entry_dis_old, hangedman_abyss_entry_splay,
          wad_floor_pattern_untrapped, serial_shops,
          nicolae_shop_back_alley_shop, pan_entry, infiniplex_staircase_star

Skill      XL: |  1  2  3  4  5  6  7  8  9 10 11 12 13 14 15 16 |
---------------+-------------------------------------------------+-----
Long Blades    | 4 8 12 14 16 17 18 | 18.0
Fighting       | 4 5 6 7 9 10 11 12 13 | 13.8
Short Blades   | 1 2 3 4 6 8 10 11 | 11.1
Dodging        | 5 6 7 8 9 10 11 12 | 12.7
Armour         | 1 2 3 4 5 6 7 |  7.4
Stealth        | 1 2 3 6 7 8 9 |  9.0
Shields        | 1 2 5 8 10 | 10.4
Evocations     | 2 3 4 |  4.0
Throwing       | 1 |  1.0

Action                     |  1- 3 |  4- 6 |  7- 9 | 10-12 | 13-15 | 16-18 || total
---------------------------+-------+-------+-------+-------+-------+-------++-------
  Melee: Falchion          |    29 |       |       |       |       |       ||    29
         Short sword       |    35 |   174 |   602 |    36 |       |       ||   847
         Tailslap          |       |    12 |    29 |       |       |       ||    41
         Headbutt          |       |       |   145 |   133 |       |       ||   278
         Long sword        |       |       |       |   287 |       |       ||   287
         Double sword      |       |       |       |   244 |   704 |    71 ||  1019
  Throw: Dart              |       |       |       |       |     6 |       ||     6
 Invoke: Sacrifice Essence |       |       |     1 |       |       |       ||     1
         Sacrifice Love    |       |       |       |     1 |       |       ||     1
         Sacrifice Arcana  |       |       |       |     1 |       |       ||     1
         Draw Out Power    |       |       |       |       |     9 |     2 ||    11
         Power Leap        |       |       |       |       |     1 |       ||     1
         Reject Sacrifices |       |       |       |       |     1 |       ||     1
  Evoke: Wand              |       |       |       |       |    15 |     2 ||    17
         Condenser vane    |       |       |       |       |     2 |       ||     2
    Use: Potion            |     1 |       |     5 |     1 |     6 |     1 ||    14
         Scroll            |       |       |       |    11 |    10 |     3 ||    24
   Stab: Distracted        |       |       |     3 |     2 |     7 |       ||    12
         Sleeping          |       |       |     1 |    15 |    13 |     7 ||    36
         Invisible         |       |       |       |     4 |     7 |       ||    11
 Armour: Robe              |     3 |       |       |       |       |       ||     3
         Ring mail         |     5 |    59 |    98 |   109 |   152 |     7 ||   430
  Dodge: Dodged            |    42 |   150 |   179 |   302 |   363 |    22 ||  1058
  Block: Orb               |       |    22 |    48 |       |       |       ||    70
         Reflection        |       |       |     2 |     1 |    58 |       ||    61
         Kite shield       |       |       |       |    34 |   708 |    37 ||   779
